 Dungeon Crawl Stone Soup version 0.30-a0-1160-g6e42c06551 (webtiles) character file.

Game seed: 14162847406256940490

175 Anamonty the Stinger (level 5, -3/31 HPs)
             Began as an Octopode Venom Mage on Apr 26, 2023.
             Killed by nerve-wracking pain
             ... invoked by Grinder
              (12 damage)
             ... while paralysed by Grinder
             ... on level 3 of the Dungeon.
             The game lasted 00:02:46 (2385 turns).

Anamonty the Stinger (Octopode Venom Mage)          Turns: 2385, Time: 00:02:47

Health: -3/31      AC:  1    Str:  9    XL:     5   Next: 55%
Magic:  9/9        EV:  2    Int: 18    God:
Gold:   186        SH:  0    Dex: 12    Spells: 5/10 levels left

rFire   . . .        l - +0 short sword (freeze)
rCold   . . .        (no shield)
rNeg    . . .        (helmet restricted)
rPois   .            d - amulet of reflection
rElec   .            (no ring)
rCorr   .            (no ring)
SInv    .            (no ring)
Will    .....        (no ring)
Stlth   +++          (no ring)
HPRegen 0.25/turn    (no ring)
MPRegen 0.11/turn    (no ring)
                     (no ring)

%: reflection
@: paralysed
A: almost no armour, amphibious, 8 rings, camouflage 1, gelatinous body 1,
(nimble swimmer 1), tentacles
a: no special abilities


You were on level 3 of the Dungeon.
You visited 1 branch of the dungeon, and saw 3 of its levels.

You collected 186 gold pieces.

Inventory:

Hand Weapons
 b - a +1 dagger of protection
 l - a +0 short sword of freezing (weapon)
Jewellery
 d - an amulet of reflection (around mantle)
Wands
 p - a wand of flame (19)
Scrolls
 e - a scroll of teleportation {unknown}
 g - a scroll of fog {unknown}
 h - 5 scrolls of identify {unknown}
 i - a scroll of silence {unknown}
 m - a scroll of enchant armour {unknown}
 o - a scroll of noise {unknown}
 r - a scroll of immolation {unknown}
Potions
 a - a potion of magic
 c - a potion of brilliance {unknown}
 f - 2 potions of degeneration {unknown}
 j - 2 potions of haste {unknown}
 k - a potion of might {unknown}
 n - a potion of heal wounds {unknown}
 q - a potion of cancellation {unknown}
 s - a potion of lignification {unknown}


   Skills:
 + Level 3.2 Dodging
 - Level 2.6 Stealth
 + Level 3.0 Spellcasting
 - Level 1.0 Transmutations
 * Level 5.7 Poison Magic


You had 5 spell levels left.
You knew the following spells:

 Your Spells              Type           Power      Damage    Failure   Level
a - Sting                 Tmut/Pois      56%        1d5       4%          1
b - Olgreb's Toxic Radia  Pois           23%        N/A       16%         4

Your spell library contained the following spells:

 Spells                   Type           Power      Damage    Failure   Level
 Poisonous Vapours        Pois/Air       26%        N/A       8%          2
 Kiss of Death            Conj/Necr      8%         2d6       16%         1
 Magic Dart               Conj           8%         1d3       16%         1
 Shock                    Conj/Air       8%         1d3       16%         1
 Mephitic Cloud           Conj/Pois/Air  9%         N/A       22%         3
 Searing Ray              Conj           4%         2d4       24%         2
 Confusing Touch          Hex            2%         N/A       43%         3
 Dazzling Flash           Conj/Hex       4%         N/A       43%         3
 Swiftness                Air            2%         N/A       43%         3
 Airstrike                Air            1%         2d(1-17)  85%         4
 Dispel Undead            Necr           2%         3d7       85%         4
 Fulminant Prism          Conj/Hex       1%         3d5       85%         4
 Agony                    Necr           2%         N/A       99%         5
 Silence                  Hex/Air        1%         N/A       99%         5


Dungeon Overview and Level Annotations

Branches:
Dungeon (3/15)

Altars:
Uskayaw

Annotations:
D:2 Crazy Yiuf
D:3 Grinder


Innate Abilities, Weirdness & Mutations

You cannot wear most types of armour.
You are amphibious.
You can wear up to eight rings at the same time.
Your skin changes colour to match your surroundings (Stealth+).
Your rubbery body absorbs attacks. (AC +1, EV +1)
((You are camouflaged when in or above water. (Stealth+)))
You have tentacles for arms and can constrict up to eight enemies at once.


Message History

You block the giant cockroach's attack.
You closely miss the giant cockroach. You grab the giant cockroach.
You constrict the giant cockroach, but do no damage.
The giant cockroach barely misses you.
You hit the giant cockroach but do no damage.
You constrict the giant cockroach.
The giant cockroach completely misses you.
You hit the giant cockroach but do no damage.
You squeeze the giant cockroach.
The giant cockroach is severely wounded.
You constrict the giant cockroach.
You kill the giant cockroach!
Grinder comes into view.
Grinder shouts!
Grinder says, "There's only one good use for a tongue: cutting it out."
Grinder blinks!
Grinder moves out of view.
You now have 186 gold pieces (gained 11).
Grinder is nearby!
Grinder is nearby!
Grinder is nearby!
Found a brass wand.
You closely miss Grinder. You grab Grinder. You squeeze Grinder!
Grinder is moderately wounded.
You constrict Grinder. Grinder closely misses you.
You hit Grinder.
Grinder is moderately wounded.
You constrict Grinder. Grinder hits you.
You writhe in agony.
You hit Grinder. Your squeeze misses Grinder.
Grinder is heavily wounded.
You constrict Grinder. Grinder gestures at you.
You suddenly lose the ability to move!
You lose your grip on Grinder.
Grinder barely misses you. Grinder hits you!
You writhe in agony.
* * * LOW HITPOINT WARNING * * *
Grinder gestures at you. You resist with significant effort.
Grinder gestures at you. Pain shoots through your body!
You die...

#####.P. #.....P.
###+#+##### #.####PP #.#.
#.........# #.# ###
#.#.###/........# #.#
.............. #.# ...
...8... #.# ### #.. #..5+#
#.# #.. ##.###@#.#
#.####..
...#...#....#######.......
.8...8...8...........#..8.
...#...#..†.#######..##..[
##.###............#####
.#...#....#######..# [..
...8...8..##### #..# .8.
...................... ..
............)..........# #


You could see Grinder.

Vanquished Creatures
  Natasha (thrice) (D:3)
  Robin (D:2)
  2 adders
  A dart slug (D:1)
  4 ball pythons
  3 bats
  5 endoplasms
  4 giant cockroaches
  8 goblins
  5 hobgoblins (D:1)
  10 jackals
  4 quokkas
  2 frilled lizards
  5 kobolds
  3 rats
60 creatures vanquished.

Vanquished Creatures (others)
  A fungus (D:3)
  5 toadstools (D:3)
6 creatures vanquished.

Grand Total: 66 creatures vanquished

Notes
Turn   | Place    | Note
-------+----------+-------------------------------------------
     0 | D:1      | Anamonty the Octopode Venom Mage began the quest for the
                  | Orb.
     0 | D:1      | Reached XP level 1. HP: 11/11 MP: 3/3
   233 | D:1      | Reached skill level 4 in Poison Magic
   233 | D:1      | Reached XP level 2. HP: 17/17 MP: 5/5
   400 | D:1      | Reached XP level 3. HP: 17/21 MP: 6/6
   771 | D:2      | Noticed Robin
   922 | D:2      | Killed Robin
  1020 | D:2      | Reached XP level 4. HP: 26/27 MP: 7/7
  1145 | D:2      | Reached skill level 5 in Poison Magic
  1254 | D:2      | Found a faded altar of an unknown god.
  1300 | D:2      | Learned a level 4 spell: Olgreb's Toxic Radiance
  1623 | D:2      | Found a runed translucent door.
  1624 | D:2      | Noticed Crazy Yiuf
  1760 | D:3      | Noticed Natasha
  1765 | D:3      | Killed Natasha
  1801 | D:3      | Found a hide-covered altar of Uskayaw.
  1883 | D:3      | Noticed Natasha
  1888 | D:3      | Killed Natasha
  1889 | D:3      | Reached XP level 5. HP: 31/31 MP: 2/9
  1990 | D:3      | Noticed Natasha
  2001 | D:3      | Killed Natasha
  2373 | D:3      | Noticed Grinder
  2381 | D:3      | Paralysed by Grinder for 5 turns
  2385 | D:3      | Killed from afar by Grinder

Illustrated notes

Levels and vault maps discovered:
D:1:      lightli_arrival_windingriver, layout_basic
D:2:      layout_basic, shapermc_ecumenical_altar_mp_vishouse, uniq_robin,
          uniq_crazy_yiuf_cottage
D:3:      layout_basic, nicolae_overflow_crystal_walls, mrwooster_statue_mirror,
          minmay_gold_behind_fungi, minmay_misc_feat_four_crosses,
          minmay_misc_feat_tiny, uniq_grinder, uniq_natasha

Skill      XL: |  1  2  3  4  5 |
---------------+----------------+-----
Poison Magic   | 4 5 |  5.7
Dodging        | 3 |  3.2
Spellcasting   | 3 |  3.0
Stealth        | |  2.6
Transmutations | |  1.0

Action                     |  1- 3 |  4- 6 || total
---------------------------+-------+-------++-------
  Melee: Unarmed           |    11 |       ||    11
         Tentacles         |    18 |    13 ||    31
         Constrict         |    21 |     9 ||    30
         Dagger            |    61 |    15 ||    76
         Punch             |     1 |       ||     1
         Short sword       |       |    44 ||    44
   Cast: Sting             |     5 |     2 ||     7
         Olgreb's Toxic Ra |       |     2 ||     2
   Stab: Sleeping          |     8 |     7 ||    15
         Distracted        |       |     1 ||     1
 Armour: Skin              |    11 |     7 ||    18
  Dodge: Dodged            |    63 |    25 ||    88
  Block: Other             |     8 |     8 ||    16

Table legend: (Time is in decaauts)
 A = Elapsed time spent in this place.
 B = Non-inter-level travel time spent in this place.
 C = Inter-level travel time spent in this place.
 D = Time resting spent in this place.
 E = Time spent auto-exploring this place.
 F = Levels seen in this place.
 G = Mean time per level.
                   A        B        C        D        E       F      G
               +--------+--------+--------+--------+--------+-----+--------+
         Total |   2383 |   2285 |     98 |      0 |   1842 |   3 |  794.3 |
       Dungeon |   2383 |   2285 |     98 |      0 |   1842 |   3 |  794.3 |
               +--------+--------+--------+--------+--------+-----+--------+

Top non-repeatable levels by time:
     D:2: 901 daAuts
     D:1: 779 daAuts
     D:3: 703 daAuts
